 Dungeon Crawl Stone Soup version 0.21.1-1-g345015f (webtiles) character file.

30 letownia2 the Charmwright (level 3, -3/27 HPs)
             Began as a Merfolk Skald on Mar 14, 2018.
             Killed by divine providence
             ... invoked by an orc priest
              (12 damage)
             ... on level 2 of the Dungeon.
             The game lasted 00:02:52 (284 turns).

letownia2 the Charmwright (Merfolk Skald)            Turns: 284, Time: 00:02:53

Health: -3/27      AC:  4    Str: 11    XL:     3   Next: 18%
Magic:  5/6        EV: 12    Int: 13    God:
Gold:   48         SH:  0    Dex: 13    Spells: 0/6 levels left

rFire    . . .     SeeInvis .   a - +0 spear
rCold    . . .     Gourm    .   (no shield)
rNeg     . . .     Faith    .   b - +0 leather armour
rPois    .         Spirit   .   (no helmet)
rElec    .         Reflect  .   (no cloak)
rCorr    .         Harm     .   (no gloves)
MR       .....                  f - +0 pair of boots
Stlth    +.........             (no amulet)
HPRegen  0.09/turn              (no ring)
MPRegen  0.10/turn              (no ring)

@: slowed, very slow
A: change form in water, swift swim, stealthy swim
a: no special abilities


You were on level 2 of the Dungeon.
You were not hungry.

You visited 1 branch of the dungeon, and saw 3 of its levels.

You collected 48 gold pieces.

Inventory:

Hand Weapons
 a - a +0 spear (weapon)
Armour
 b - a +0 leather armour (worn)
 f - a +0 pair of boots (worn)
 g - a +0 ring mail
Scrolls
 h - a scroll of fog {unknown}
 i - 2 scrolls of remove curse {unknown}
 j - a scroll of amnesia {unknown}
Books
 c - a book of Battle

   Spells                             Type                      Level
   a - Infusion                       Charms                       1
   b - Shroud of Golubria             Charms/Translocation         2
   c - Song of Slaying                Charms                       2
   d - Spectral Weapon                Hexes/Charms                 3
   e - Regeneration                   Charms/Necromancy            3
Comestibles
 d - a ration


   Skills:
 - Level 2.1 Fighting
 - Level 3.0 Polearms
 - Level 0.6 Armour
 - Level 2.6 Dodging
 - Level 2.0 Spellcasting
 + Level 0.2 Hexes
 - Level 4.2 Charms
 - Level 1.1 Translocations


You couldn't memorise any spells.
You knew the following spells:

 Your Spells              Type           Power        Failure   Level  Hunger
a - Infusion              Chrm           ##..         6%          1    ##.....
t - Shroud of Golubria    Chrm/Tloc      #.........   17%         2    ###....
x - Spectral Weapon       Hex/Chrm       #.......     38%         3    ####...


Dungeon Overview and Level Annotations

Branches:
Dungeon (3/15)

Altars:

Annotations:
D:3 homeworkjunkie's ghost, weakling HOFi


Message History

The orc wizard hits you but does no damage.
Unknown command.
Attack whom?
Press: ? - help, Dir - move target cursor, f/p - orc wizard
Aim: an orc wizard, wielding a dagger and wearing a robe (lightly wounded, fast)
You barely miss the orc wizard.
The orc wizard is lightly wounded.
You are no longer magically infusing your attacks.
The orc wizard hits you but does no damage.
The orc wizard barely misses you.
Unknown command.
Attack whom?
Press: ? - help, Dir - move target cursor, f/p - orc wizard
Aim: an orc wizard, wielding a dagger and wearing a robe (lightly wounded, fast)
You closely miss the orc wizard.
The orc wizard is lightly wounded.
The orc wizard misses you.
The orc priest calls down the wrath of Beogh upon you.
Beogh smites you!
You die...

#.#'## .
#....##.
#.....%
#.....#
#.....#
####..og#
#.....oo#
#.....#o#
#.....#@#
#.....#.#
#.....#.#
#######.#
#.# #.#
#.#
#.#######
###
#.......#
#..


You could see an orc priest, an orc wizard, 2 orcs and a goblin.

Vanquished Creatures
  2 adders (D:2)
  2 worms
  A hobgoblin (D:2)
  A kobold (D:2)
  3 rats
9 creatures vanquished.

Notes
Turn   | Place    | Note
-------+----------+-------------------------------------------
     0 | D:1      | letownia2 the Merfolk Skald began the quest for the Orb.
     0 | D:1      | Reached XP level 1. HP: 16/16 MP: 3/3
   102 | D:2      | Reached skill level 4 in Charms
   102 | D:2      | Reached XP level 2. HP: 20/22 MP: 0/5
   107 | D:2      | Learned a level 2 spell: Shroud of Golubria
   158 | D:3      | Noticed homeworkjunkie's ghost (weakling HOFi)
   184 | D:2      | Reached skill level 1 in Translocations
   184 | D:2      | Reached XP level 3. HP: 7/27 MP: 0/6
   189 | D:2      | Learned a level 3 spell: Spectral Weapon
   284 | D:2      | Killed from afar by an orc priest

Skill      XL: |  1  2 |
---------------+-------+-----
Charms         | 4 |  4.2
Translocations | 1 |  1.1
Fighting       | |  2.1
Polearms       | |  3.0
Armour         | |  0.6
Dodging        | |  2.6
Spellcasting   | |  2.0
Hexes          | |  0.2

Action                   || total
-------------------------++-------
Melee: Spear             ||    61
 Cast: Infusion          ||     6
  Use: Potion            ||     1
Armor: Leather armour    ||    13
Dodge: Dodged            ||    24
